 Dungeon Crawl Stone Soup version 0.27.0-1-g7a089689b8 (webtiles) character file.

Game seed: 12655895221362278897

146 backslashecho the Chopper (level 5, 0/47 HPs)
             Began as a Hill Orc Monk on Aug 4, 2021.
             Was a Priest of Yredelemnul.
             Slain by a jackal (3 damage)
             ... on level 3 of the Dungeon.
             The game lasted 00:04:15 (2260 turns).

backslashecho the Chopper (Hill Orc Monk)           Turns: 2260, Time: 00:04:16

Health: 0/47       AC:  7    Str: 15    XL:     5   Next: 28%
Magic:  6/6        EV: 10    Int: 10    God:    Yredelemnul [***...]
Gold:   111        SH:  0    Dex: 13    Spells: 4/4 levels left

rFire    . . .     SeeInvis .   a - +0 hand axe
rCold    . . .     Faith    .   (no shield)
rNeg     . . .     Spirit   .   d - +0 scale mail
rPois    .         Reflect  .   (no helmet)
rElec    .         Harm     .   j - +0 cloak
rCorr    .         Rampage  .   (no gloves)
Will     .....                  (no boots)
Stlth    ..........             (no amulet)
HPRegen  0.15/turn              (no ring)
MPRegen  0.10/turn              (no ring)

@: mirroring injuries
A: no striking features
a: Renounce Religion, Recall Undead Slaves, Injury Mirror, Animate Dead


You were on level 3 of the Dungeon.
You worshipped Yredelemnul.
Yredelemnul was most pleased with you.
You visited 1 branch of the dungeon, and saw 3 of its levels.

You collected 111 gold pieces.

Inventory:

Hand Weapons
 a - a +0 hand axe (weapon)
Missiles
 k - 15 poisoned darts (quivered)
Armour
 d - a +0 scale mail (worn)
 j - a +0 cloak (worn)
Scrolls
 h - a scroll of enchant weapon {unknown}
 i - a scroll of immolation {unknown}
 l - a scroll of summoning {unknown}
Potions
 b - a potion of flight {unknown}
 c - a potion of curing {unknown}
 e - a potion of might {unknown}
 f - 2 potions of brilliance {unknown}
 g - a potion of degeneration {unknown}


   Skills:
 + Level 4.5 Fighting
 * Level 5.8 Axes
 + Level 2.0 Armour
 - Level 2.4 Dodging
 - Level 1.5 Stealth
 - Level 1.0 Unarmed Combat
 + Level 1.6 Invocations


You had 4 spell levels left.
You didn't know any spells.
Your spell library contained the following spells:

 Spells                   Type           Power      Damage    Failure   Level
 Animate Dead             Necr           0%         N/A       100%        4
 Haunt                    Necr/Summ      0%         N/A       100%        7
 Infestation              Necr           0%         N/A       100%        8


Dungeon Overview and Level Annotations

Branches:
Dungeon (3/15)

Altars:
Yredelemnul


Message History

Items here: ))) [[ †.
The floor.
Unknown command.
You closely miss the orc.
The orc is heavily wounded.
The orc hits you but does no damage.
You barely miss the orc.
The orc is heavily wounded.
The orc hits you with a +1 vorpal falchion.
* * * LOW HITPOINT WARNING * * *
x2 Yredelemnul mirrors your injury!
You kill the orc!
Yredelemnul accepts your kill.
You take 3 damage, and have 4/47 hp.
The jackal bites you but does no damage.
Items here: )))) [[[ †.
You barely miss the jackal.
The jackal bites you but does no damage. x2
You completely miss the jackal. The jackal misses you.
You hit the jackal.
The jackal is severely wounded.
The jackal misses you.
The jackal bites you but does no damage.
You barely miss the jackal.
The jackal is severely wounded.
The jackal closely misses you.
You closely miss the jackal.
The jackal is severely wounded.
The jackal barely misses you.
Okay, then.
Your scale mail prevents you from hitting the jackal.
The jackal is severely wounded.
The jackal bites you.
* * * LOW HITPOINT WARNING * * *
Yredelemnul mirrors your injury!
You kill the jackal!
Yredelemnul accepts your kill. The jackal bites you.
You die...
Your body rises from the dead as a mindless zombie.

#.# #.#
#######Z#
#.......#
#.#######
#.# #.#
#)# #@#
#h# #h#
#h# #.#
#)# #.#
#.# #h#


You could see 3 jackals.

Vanquished Creatures
  An orc priest (D:3)
  An orc wizard (D:3)
  3 adders
  2 dart slugs
  7 orcs (D:3)
  4 bats (D:1)
  6 endoplasms
  6 giant cockroaches
  A jackal (D:3)
  2 kobolds (D:1)
  3 quokkas
  3 ball pythons (D:1)
  2 frilled lizards
  7 goblins
  6 rats
54 creatures vanquished.

Vanquished Creatures (others)
  An adder zombie (D:3)
  A giant cockroach zombie (D:3)
  4 orc zombies (D:3)
6 creatures vanquished.

Grand Total: 60 creatures vanquished

Notes
Turn   | Place    | Note
-------+----------+-------------------------------------------
     0 | D:1      | backslashecho the Hill Orc Monk began the quest for the
                  | Orb.
     0 | D:1      | Reached XP level 1. HP: 19/19 MP: 1/1
    52 | D:1      | Reached XP level 2. HP: 21/27 MP: 2/2
   264 | D:1      | Reached skill level 1 in Unarmed Combat
   289 | D:1      | Reached skill level 1 in Armour
   306 | D:1      | Reached XP level 3. HP: 32/33 MP: 3/3
  1114 | D:2      | Reached skill level 5 in Axes
  1640 | D:2      | Found a faded altar of an unknown god.
  1645 | D:2      | Became a worshipper of Yredelemnul the Dark
  1645 | D:2      | Reached * piety under Yredelemnul
  1645 | D:2      | Reached ** piety under Yredelemnul
  1800 | D:3      | Reached XP level 4. HP: 38/40 MP: 4/4
  1848 | D:3      | Reached *** piety under Yredelemnul
  1849 | D:3      | Reached skill level 1 in Invocations
  1953 | D:3      | Reached XP level 5. HP: 20/47 MP: 4/6
  2260 | D:3      | Slain by a jackal

Illustrated notes

Levels and vault maps discovered:
D:1:      minmay_arrival_semitransparent, layout_loops_ring
D:2:      layout_basic, shapermc_ecumenical_altar_petra, minmay_misc_feat_plants
D:3:      layout_basic, uniq_natasha

Skill      XL: |  1  2  3  4  5 |
---------------+----------------+-----
Unarmed Combat | 1 |  1.0
Armour         | 1 2 |  2.0
Fighting       | 4 |  4.5
Axes           | 5 |  5.8
Invocations    | 1 |  1.6
Dodging        | |  2.4
Stealth        | |  1.5

Action                   |  1- 3 |  4- 6 || total
-------------------------+-------+-------++-------
Melee: Hand axe          |   119 |    88 ||   207
Throw: Dart              |       |     3 ||     3
Invok: Injury Mirror     |       |     1 ||     1
       Animate Dead      |       |     1 ||     1
Armor: Robe              |     9 |       ||     9
       Ring mail         |    11 |       ||    11
       Scale mail        |    34 |    32 ||    66
Dodge: Dodged            |    74 |    37 ||   111
